 Dungeon Crawl Stone Soup version 0.23-a0-470-g6f7cfd9 (webtiles) character file.

983 jerryfan the Cudgeler (level 8, -3/63 HPs)
             Began as a Gnoll Wanderer on Nov 26, 2018.
             Was an Initiate of Cheibriados.
             Slain by an orc wizard
             ... wielding a +0 dagger
              (4 damage)
             ... on level 6 of the Dungeon.
             The game lasted 00:18:27 (6405 turns).

jerryfan the Cudgeler (Gnoll Wanderer)              Turns: 6405, Time: 00:18:28

Health: -3/63      AC:  2    Str: 14    XL:     8   Next: 17%
Magic:  9/12       EV: 14    Int: 17    God:    Cheibriados [......]
Gold:   370        SH:  0    Dex: 23    Spells: 7/13 levels left

rFire    + . .     SeeInvis .   q - +5 club
rCold    + + .     Gourm    .   (no shield)
rNeg     . . .     Faith    .   f - +0 robe
rPois    +         Spirit   .   (no helmet)
rElec    +         Reflect  .   (no cloak)
rCorr    +         Harm     .   p - +0 pair of gloves
MR       .....                  (no boots)
Stlth    +++.......             (no amulet)
HPRegen  0.20/turn              v - +5 ring of dexterity
MPRegen  0.13/turn              (no ring)

@: resistant, flying, hasted, very quick
A: distributed training, fangs 1, blurry vision 1, cold resistance 1, deformed
body, screaming 1, strong nose
a: Bend Time, Renounce Religion


You were on level 6 of the Dungeon.
You worshipped Cheibriados.
Cheibriados was noncommittal.
You were not hungry.

You visited 1 branch of the dungeon, and saw 6 of its levels.

You collected 370 gold pieces.

Inventory:

Hand Weapons
 c - a +0 mace
 q - a +5 club (weapon)
 r - the +5 hunting sling "Iczo" {venom, +Blink rPois rF- rC+}
   (You found it on level 6 of the Dungeon)

   It poisons the ammo it fires.
   It makes you vulnerable to fire.
   It protects you from cold.
   It protects you from poison.
   It lets you blink.
 y - a +2 trident of venom
Armour
 b - a +0 ring mail
 f - a +0 robe (worn)
 p - a +0 pair of gloves (worn)
Jewellery
 v - a +5 ring of dexterity (left hand)
Wands
 x - a wand of paralysis (8)
Scrolls
 e - 8 scrolls of identify
 i - a scroll of enchant weapon
 m - a scroll of fog
Potions
 a - 2 potions of might
 g - a potion of brilliance
 o - 2 potions of curing
 u - 2 potions of resistance
Comestibles
 d - 8 rations


   Skills:
 + Level 5.5 Fighting
 + Level 3.0 Short Blades
 + Level 3.0 Long Blades
 + Level 3.0 Axes
 + Level 5.5 Maces & Flails
 + Level 3.0 Polearms
 + Level 3.0 Staves
 + Level 3.0 Slings
 + Level 3.0 Bows
 + Level 3.0 Crossbows
 + Level 4.0 Throwing
 + Level 4.0 Armour
 + Level 3.0 Dodging
 + Level 3.8 Stealth
 + Level 3.0 Shields
 + Level 3.0 Unarmed Combat
 + Level 3.0 Spellcasting
 + Level 3.2 Conjurations
 + Level 2.4 Hexes
 + Level 2.4 Charms
 + Level 2.4 Summonings
 + Level 2.4 Necromancy
 + Level 2.4 Translocations
 + Level 2.4 Transmutations
 + Level 4.5 Fire Magic
 + Level 2.4 Ice Magic
 + Level 2.4 Air Magic
 + Level 2.4 Earth Magic
 + Level 2.4 Poison Magic
 + Level 3.2 Invocations
 + Level 3.0 Evocations


You had 7 spell levels left.
You knew the following spells:

 Your Spells              Type           Power        Failure   Level  Hunger
a - Flame Tongue          Conj/Fire      ###..        3%          1    None
b - Throw Flame           Conj/Fire      ###...       5%          2    ##.....
c - Inner Flame           Hex/Fire       ##......     13%         3    ###....

Your spell library contained the following spells:

 Spells                   Type           Power        Failure   Level  Hunger
 Magic Dart               Conj           ##..         4%          1    None
 Shock                    Conj/Air       ##..         5%          1    None
 Searing Ray              Conj           ##....       7%          2    ##.....
 Swiftness                Chrm/Air       ##......     10%         2    ##.....
 Conjure Flame            Conj/Fire      ###.....     11%         3    ###....
 Dazzling Spray           Conj/Hex       ##....       16%         3    ###....
 Static Discharge         Conj/Air       ##......     16%         3    ###....
 Sticky Flame             Conj/Fire      ###.....     34%         4    ####...
 Iskenderun's Mystic Bla  Conj           ##......     41%         4    ####...
 Force Lance              Conj/Tloc      ##......     47%         4    ####...
 Fulminant Prism          Conj/Hex       ##........   47%         4    ####...
 Airstrike                Air            ##........   54%         4    ####...
 Fireball                 Conj/Fire      ###.......   67%         5    ######.
 Lightning Bolt           Conj/Air       ##........   83%         5    ######.


Dungeon Overview and Level Annotations

Branches:
Dungeon (6/15)
 Temple: D:4-7

Altars:
Cheibriados
Dithmenos
Gozag
Hepliaklqana
Makhleb
Qazlal
Uskayaw
Yredelemnul
The Shining One

Annotations:
D:3 Ijyb
D:4 exclusion: door
D:5 3 runed doors, Menkaure
D:6 1 runed door, exclusions: bullfrog and door, Lavandula's ghost, novice OpHu


Innate Abilities, Weirdness & Mutations

Your experience applies equally to all skills.
You have very sharp teeth.
Your uncanny sense of smell can sniff out nearby items.
Scrolls take you a little longer to read.
Your flesh is cold resistant. (rC+)
Armour fits poorly on your strangely shaped body.
You occasionally shout uncontrollably at your foes.


Message History

The orc wizard closely misses you.
It was a potion of magic.
Magic courses through your body.
Casting: Flame Tongue (safe; 3% risk of failure)
Confirm with . or Enter, or press ? or * to list all spells.
Aiming: Flame Tongue (safe; 3% risk of failure)
Press: ? - help, Shift-Dir - straight line, f - orc wizard
Aim: an orc wizard, wielding a +0 dagger and wearing a +0 robe The flame tongue hits the orc wizard.
The orc wizard is lightly wounded.
The orc wizard casts a spell at you. The magic dart hits you!
* * * LOW HITPOINT WARNING * * *
Casting: Flame Tongue (safe; 3% risk of failure)
Confirm with . or Enter, or press ? or * to list all spells.
Aiming: Throw Flame (safe; 5% risk of failure)
Press: ? - help, Shift-Dir - straight line, f/p - orc wizard
Aim: an orc wizard, wielding a +0 dagger and wearing a +0 robe (lightly The puff of flame misses the orc wizard.
The orc wizard hits you with a +0 dagger.
You die...

#####.####
#@)......#
#o##...#.##....o..
#.# ......'......(
#.##...#.# ....oo.
#.....## # ......
#..#### ..... #..#
... #..#####.# #'#
#........# #.#


You could see an orc wizard.

Vanquished Creatures
  An ice beast (D:6)
  An orc warrior (D:6)
  A phantom (D:6)
  A centaur (D:6)
  2 ogres
  A scorpion (D:4)
  A howler monkey (D:4)
  2 hounds
  3 orc priests (D:6)
  A bullfrog skeleton (D:4)
  A centaur skeleton (D:5)
  Jessica (D:3)
  3 adders
  3 gnolls (D:4)
  A shadow imp (D:6)
  2 adder skeletons
  A dart slug (D:5)
  A leopard gecko (D:4)
  7 orcs
  3 ball pythons
  4 bats
  4 giant cockroaches
  5 goblins
  6 hobgoblins
  7 jackals
  6 kobolds
  A quokka (D:3)
  7 frilled lizards
  A quokka skeleton (D:4)
  5 rats
83 creatures vanquished.

Notes
Turn   | Place    | Note
-------+----------+-------------------------------------------
     0 | D:1      | jerryfan the Gnoll Wanderer began the quest for the Orb.
     0 | D:1      | jerryfan set off with the following items: a +0 ring mail,
                  | a +0 mace, a ration; and the following spell memorised:
                  | Flame Tongue; and the following spells available to
                  | memorise: Throw Flame, Conjure Flame, Inner Flame, Sticky
                  | Flame, Fireball
     0 | D:1      | Reached XP level 1. HP: 20/20 MP: 1/1
   434 | D:1      | Reached XP level 2. HP: 26/26 MP: 2/2
   950 | D:1      | Reached XP level 3. HP: 29/31 MP: 1/3
  1106 | D:1      | Learned a level 2 spell: Throw Flame
  1495 | D:2      | Reached skill level 1 in Invocations
  1765 | D:2      | Found a burning altar of Makhleb.
  1977 | D:3      | Noticed Ijyb
  2095 | D:3      | Found a stormy altar of Qazlal.
  2113 | D:3      | Reached skill level 1 in Short Blades
  2113 | D:3      | Reached skill level 1 in Long Blades
  2113 | D:3      | Reached skill level 1 in Axes
  2113 | D:3      | Reached skill level 1 in Polearms
  2113 | D:3      | Reached skill level 1 in Staves
  2113 | D:3      | Reached skill level 1 in Slings
  2113 | D:3      | Reached skill level 1 in Bows
  2113 | D:3      | Reached skill level 1 in Crossbows
  2113 | D:3      | Reached skill level 1 in Dodging
  2113 | D:3      | Reached skill level 1 in Shields
  2113 | D:3      | Reached skill level 1 in Unarmed Combat
  2113 | D:3      | Reached skill level 1 in Spellcasting
  2113 | D:3      | Reached skill level 1 in Evocations
  2114 | D:3      | Found a basalt altar of Yredelemnul.
  2134 | D:3      | Reached XP level 4. HP: 35/38 MP: 2/5
  2314 | D:3      | Noticed Jessica
  2342 | D:3      | Killed Jessica
  2342 | D:3      | Reached skill level 1 in Hexes
  2342 | D:3      | Reached skill level 1 in Charms
  2342 | D:3      | Reached skill level 1 in Summonings
  2342 | D:3      | Reached skill level 1 in Necromancy
  2342 | D:3      | Reached skill level 1 in Translocations
  2342 | D:3      | Reached skill level 1 in Transmutations
  2342 | D:3      | Reached skill level 1 in Ice Magic
  2342 | D:3      | Reached skill level 1 in Air Magic
  2342 | D:3      | Reached skill level 1 in Earth Magic
  2342 | D:3      | Reached skill level 1 in Poison Magic
  2875 | D:4      | Reached XP level 5. HP: 25/43 MP: 6/6
  3429 | D:4      | Found an opulent altar of Gozag.
  3542 | D:4      | Reached XP level 6. HP: 22/50 MP: 8/8
  3717 | D:4      | Learned a level 3 spell: Inner Flame
  4044 | D:4      | Learned a level 2 spell: Swiftness
  4066 | D:4      | Reached skill level 5 in Fighting
  4066 | D:4      | Reached skill level 5 in Maces & Flails
  4071 | D:4      | Found a hide-covered altar of Uskayaw.
  4119 | D:4      | Found a glowing golden altar of the Shining One.
  4639 | D:5      | Entered Level 5 of the Dungeon
  4658 | D:5      | Found a snail-covered altar of Cheibriados.
  4673 | D:5      | Became a worshipper of Cheibriados the Contemplative
  4830 | D:5      | Found a hazy altar of Hepliaklqana.
  4914 | D:5      | Found a runed gate.
  4914 | D:5      | Found a runed gate.
  4914 | D:5      | Found a runed gate.
  4918 | D:5      | Noticed a two-headed ogre
  5082 | D:5      | Noticed Menkaure
  5097 | D:6      | Got an ichor-stained hunting sling
  5107 | D:6      | HP: 1/51 [centaur (2)]
  5109 | D:6      | Reached XP level 7. HP: 7/56 MP: 8/10
  5445 | D:6      | Identified the +5 hunting sling "Iczo" {venom, +Blink rPois
                  | rF- rC+} (You found it on level 6 of the Dungeon)
  5900 | D:6      | Found a runed door.
  5902 | D:6      | Noticed Lavandula's ghost (novice OpHu)
  5950 | D:6      | Found a shadowy altar of Dithmenos.
  6300 | D:6      | Reached XP level 8. HP: 63/63 MP: 7/12
  6400 | D:6      | Gained mutation: Armour fits poorly on your strangely
                  | shaped body. [potion of mutation]
  6400 | D:6      | Gained mutation: Scrolls take you a little longer to read.
                  | [potion of mutation]
  6400 | D:6      | Gained mutation: You occasionally shout uncontrollably at
                  | your foes. [potion of mutation]
  6400 | D:6      | Gained mutation: Your flesh is cold resistant. (rC+)
                  | [potion of mutation]
  6404 | D:6      | HP: 1/63 [orc wizard/magic dart (7)]
  6405 | D:6      | Slain by an orc wizard

Vault maps used:
D:1:      nzn_arrival_water_spiral, minmay_misc_feat_five, nrook_loot_triangle,
          wad_floor_pattern_untrapped, interstate_on_off
D:2:      lemuel_coloured_pillars_altar, minmay_heptomino_h4
D:3:      lemuel_crystal_altar, nicolae_overflow_crystal_walls, uniq_jessica,
          uniq_ijyb
D:4:      nicolae_overflow_hidden_temple
D:5:      kennysheep_slug_shrine, lemuel_doored_altar, kennysheep_mini_moat,
          gammafunk_ghost_necromancy, first_ration, uniq_menkaure
D:6:      minmay_temple_entry_offerings, ebering_ghost_sewer_d,
          minmay_misc_feat_encased, grunt_dithmenos_shadows

Skill      XL: |  1  2  3  4  5  6  7  8 |
---------------+-------------------------+-----
Conjurations   | 2 3 |  3.2
Invocations    | 1 2 3 |  3.2
Short Blades   | 1 2 3 |  3.0
Long Blades    | 1 2 3 |  3.0
Axes           | 1 2 3 |  3.0
Polearms       | 1 2 3 |  3.0
Staves         | 1 2 3 |  3.0
Slings         | 1 2 3 |  3.0
Bows           | 1 2 3 |  3.0
Crossbows      | 1 2 3 |  3.0
Dodging        | 1 2 3 |  3.0
Shields        | 1 2 3 |  3.0
Unarmed Combat | 1 2 3 |  3.0
Spellcasting   | 1 2 3 |  3.0
Evocations     | 1 2 3 |  3.0
Hexes          | 1 2 |  2.4
Charms         | 1 2 |  2.4
Summonings     | 1 2 |  2.4
Necromancy     | 1 2 |  2.4
Translocations | 1 2 |  2.4
Transmutations | 1 2 |  2.4
Ice Magic      | 1 2 |  2.4
Air Magic      | 1 2 |  2.4
Earth Magic    | 1 2 |  2.4
Poison Magic   | 1 2 |  2.4
Throwing       | 3 4 |  4.0
Armour         | 3 4 |  4.0
Fire Magic     | 4 |  4.5
Stealth        | 3 |  3.8
Fighting       | 5 |  5.5
Maces & Flails | 5 |  5.5

Action                   |  1- 3 |  4- 6 |  7- 9 || total
-------------------------+-------+-------+-------++-------
Melee: Mace              |    95 |     8 |       ||   103
       Bite              |     9 |    11 |     8 ||    28
       Club              |       |    67 |    26 ||    93
 Cast: Flame Tongue      |     7 |    22 |    38 ||    67
       Throw Flame       |     5 |    12 |     9 ||    26
       Swiftness         |       |     1 |       ||     1
  Use: Potion            |       |     3 |     5 ||     8
       Scroll            |       |     2 |    10 ||    12
 Stab: Sleeping          |     1 |     3 |       ||     4
       Distracted        |       |       |     1 ||     1
  Eat: Chunk             |     5 |     7 |     3 ||    15
       Ration            |       |     1 |     1 ||     2
Armor: Ring mail         |    24 |       |       ||    24
       Robe              |     5 |     9 |     2 ||    16
Dodge: Dodged            |    60 |    54 |    24 ||   138

Table legend:
 A = Non-vault XP
 B = Vault XP
 C = Vault XP percentage of total XP
 D = Non-vault monster count
 E = Vault monster count
 F = Vault count percentage of total count
                 A         B        C        D         E       F
            +---------+---------+-------+---------+---------+-------
      Total |    1232 |     173 |  12.3 |      77 |       6 |   7.2
            +---------+---------+-------+---------+---------+-------
        D:1 |      40 |       0 |   0.0 |      24 |       0 |   0.0
        D:2 |      25 |       5 |  16.7 |       8 |       3 |  27.3
        D:3 |      34 |      37 |  52.1 |      12 |       1 |   7.7
        D:4 |     399 |       0 |   0.0 |      17 |       0 |   0.0
        D:5 |      44 |       4 |   8.3 |       4 |       1 |  20.0
        D:6 |     690 |     127 |  15.5 |      12 |       1 |   7.7
            +---------+---------+-------+---------+---------+-------
